 Dungeon Crawl Stone Soup version 0.28.0-53-g5a82cb258f (webtiles) character file.

Game seed: 12432778947418394933

1141 styxcanada the Covert (level 8, -5/42 HPs)
             Began as a Spriggan Brigand on Aug 11, 2022.
             Was an Initiate of Gozag.
             Killed by nerve-wracking pain
             ... invoked by Grinder
              (10 damage)
             ... on level 5 of the Dungeon.
             The game lasted 00:21:13 (5729 turns).

styxcanada the Covert (Spriggan Brigand)            Turns: 5729, Time: 00:21:13

Health: -5/42      AC:  8    Str:  7    XL:     8   Next: 14%
Magic:  14/14      EV: 19    Int: 13    God:    Gozag
Gold:   257        SH:  5    Dex: 18    Spells: 12/14 levels left

rFire   + . .      SeeInvis +   a - +3 dagger
rCold   + . .      Faith    .   (no shield)
rNeg    . . .      Spirit   .   s - +2 robe {Archmagi}
rPois   +          Reflect  +   (helmet restricted)
rElec   .          Harm     .   y - scarf {rC+ rF+}
rCorr   .          Rampage  .   (gloves unavailable)
Will    +....      Archmagi +   (boots unavailable)
Stlth   ++++......              r - amulet of reflection
HPRegen 0.14/turn               i - +4 ring of protection
MPRegen 0.14/turn               (no ring)

@: mighty, attractive, flying, very quick
A: very small, no large weapons, unfitting armour, see invisible, speed 3,
poison resistance, robust 1
a: Renounce Religion, Potion Petition, Call Merchant, Bribe Branch


You were on level 5 of the Dungeon.
You worshipped Gozag.
Gozag was aware of your devotion.
You visited 2 branches of the dungeon, and saw 6 of its levels.

You collected 421 gold pieces.
You spent 84 gold pieces at shops.
You paid 80 gold pieces to Gozag.

Inventory:

Hand Weapons
 a - a +3 dagger (weapon)
 f - a +0 quick blade
Missiles
 d - 2 poisoned darts (quivered)
 e - a curare-tipped dart
 g - 63 stones
 o - 5 atropa-tipped darts
 t - a throwing net
 u - 58 sling bullets
Armour
 b - a +1 robe
 c - a +0 cloak
 s - a +2 robe of the Archmagi (worn)
 y - a scarf of resistance (worn)
Jewellery
 i - a +4 ring of protection (left hand)
 r - an amulet of reflection (around neck)
Scrolls
 p - 2 scrolls of teleportation
 q - a scroll of blinking
Potions
 h - 3 potions of haste
 j - a potion of magic
 l - a potion of flight
 m - a potion of might
 n - a potion of mutation
 v - a potion of brilliance {unknown}
 w - a potion of resistance {unknown}


   Skills:
 * Level 2.9 Fighting
 + Level 4.3 Short Blades
 + Level 3.3 Throwing
 * Level 4.7 Dodging
 * Level 9.5 Stealth
 + Level 0.3 Shields
 * Level 3.5 Spellcasting
 * Level 2.5 Air Magic
 * Level 2.2 Poison Magic


You had 12 spell levels left.
You knew the following spells:

 Your Spells              Type           Power      Damage    Failure   Level
a - Poisonous Vapours     Pois/Air       24%        N/A       13%         2

Your spell library contained the following spells:

 Spells                   Type           Power      Damage    Failure   Level
 Corpse Rot               Necr/Air       16%        N/A       21%         2


Dungeon Overview and Level Annotations

Branches:
Dungeon (5/15)             Temple (1/1) D:4

Altars:
Ashenzari
Cheibriados
Dithmenos
Elyvilon
Fedhas
Gozag
Hepliaklqana
Kikubaaqudgha
Makhleb
Nemelex Xobeh
Okawaru
Qazlal
Ru
Trog
Vehumet
Wu Jian
Xom
Yredelemnul
Zin
The Shining One

Shops:
D:3 *

Annotations:
D:5 Grinder


Innate Abilities, Weirdness & Mutations

You are very small and have problems with some larger weapons.
You are too small for most types of armour.
You have supernaturally acute eyesight. (SInv)
You cover ground extremely quickly. (Speed+++)
Your system is resistant to poisons. (rPois)
You are robust. (+10% HP)


Message History

It was a potion of flight.
You feel very buoyant.
You fly up into the air.
It was a potion of attraction.
You feel attractive to monsters.
You hit Grinder.
Grinder is severely wounded.
Grinder gestures at you. You resist with some effort.
You barely miss Grinder.
Grinder is severely wounded.
Grinder completely misses you.
You hit Grinder but do no damage.
Grinder is severely wounded.
Grinder blinks!
Grinder is attracted toward you. Grinder is attracted toward you.
You closely miss Grinder.
Grinder is severely wounded.
Grinder completely misses you.
You hit Grinder.
Grinder is severely wounded.
Grinder hits you.
* * * LOW HITPOINT WARNING * * *
You writhe in agony.
* * * LOW HITPOINT WARNING * * *
You closely miss Grinder.
Grinder is severely wounded.
It was a potion of might.
You feel very mighty all of a sudden. Grinder gestures at you.
You resist with almost no effort.
You closely miss Grinder.
Grinder is severely wounded.
Grinder hits you but does no damage.
You barely miss Grinder.
Grinder is severely wounded.
Grinder gestures at you. Pain shoots through your body!
You die...
Your body crumbles into a pile of gold.

..#.# #.#.# ...# . #..#
.. #..# ... #..#####.(..
#.#####.........#
#........@5$....# ....
########.........# ....
#......#.........#
....###......##.###......
......#......'.># #####.
#....#......####
#....#......#
#....#####.#######
#..........#.....#


You could see Grinder.

Vanquished Creatures
  Pikel (D:5)
  Eustachio (D:5)
  A necrophage (D:5)
  A centaur (D:5)
  An ogre (D:5)
  A centaur zombie (D:4)
  A bullfrog skeleton (D:4)
  3 hounds
  A mummy (D:4)
  4 adders
  2 worms
  2 dart slugs (D:1)
  An orc (D:3)
  6 bats
  9 endoplasms
  4 giant cockroaches
  2 goblins (D:3)
  11 hobgoblins
  A quokka (D:2)
  5 ball pythons
  8 frilled lizards
  7 kobolds
  5 rats
78 creatures vanquished.

Vanquished Creatures (others)
  2 demonic plants (D:2)
  6 plants (D:1)
8 creatures vanquished.

Grand Total: 86 creatures vanquished

Notes
Turn   | Place    | Note
-------+----------+-------------------------------------------
     0 | D:1      | styxcanada the Spriggan Brigand began the quest for the
                  | Orb.
     0 | D:1      | Reached XP level 1. HP: 10/10 MP: 2/2
    58 | D:1      | Reached skill level 6 in Stealth
   267 | D:1      | Reached XP level 2. HP: 3/15 MP: 3/3
  1713 | D:2      | Reached skill level 7 in Stealth
  1713 | D:2      | Reached XP level 3. HP: 12/18 MP: 4/4
  2339 | D:2      | Found a faded altar of an unknown god.
  2339 | D:2      | Noticed an Ice Fiend
  2714 | D:3      | Reached XP level 4. HP: 23/23 MP: 6/6
  2824 | D:3      | Reached skill level 1 in Spellcasting
  2912 | D:3      | Found Rovidaq's Assorted Antiques.
  2918 | D:3      | Bought a scroll labelled RIHUT YCWEYBLY for 28 gold pieces
  2918 | D:3      | Bought a scroll labelled YCZEIXK RA ULEFAWN for 28 gold
                  | pieces
  2918 | D:3      | Bought a scroll labelled GOK IRUVURONK for 28 gold pieces
  4119 | D:4      | Found a staircase to the Ecumenical Temple.
  4124 | Temple   | Entered the Ecumenical Temple
  4218 | Temple   | Became a worshipper of Gozag Ym Sagoz the Greedy
  4329 | D:4      | Reached skill level 8 in Stealth
  4329 | D:4      | Reached XP level 5. HP: 24/26 MP: 8/8
  4861 | D:4      | Learned a level 2 spell: Poisonous Vapours
  4911 | D:5      | Entered Level 5 of the Dungeon
  4993 | D:5      | Noticed a centaur
  5012 | D:5      | Gained mutation: Your system is resistant to poisons.
                  | (rPois) [potion of mutation]
  5012 | D:5      | Gained mutation: You are robust. (+10% HP) [potion of
                  | mutation]
  5013 | D:5      | Killed a centaur
  5014 | D:5      | Reached XP level 6. HP: 7/34 MP: 8/10
  5317 | D:5      | Noticed Pikel
  5357 | D:5      | Killed Pikel
  5358 | D:5      | Reached skill level 9 in Stealth
  5358 | D:5      | Reached skill level 1 in Air Magic
  5358 | D:5      | Reached skill level 1 in Poison Magic
  5358 | D:5      | Reached XP level 7. HP: 38/38 MP: 10/12
  5524 | D:5      | Noticed Eustachio
  5527 | D:5      | Killed Eustachio
  5528 | D:5      | Reached XP level 8. HP: 42/42 MP: 12/14
  5685 | D:5      | Noticed Grinder
  5729 | D:5      | Killed from afar by Grinder

Illustrated notes

Levels and vault maps discovered:
D:1:      eino_arrival_water_cross, layout_basic, chequers_big_river
D:2:      layout_rooms, dreamdust_ecumenical_altar_sealed_demon, minmay_cut_off
D:3:      layout_basic, serial_shops, nicolae_shop_crystal
D:4:      layout_loops_corners, temple_doors_ab, gup_ossuary_entry_pyramid
D:5:      layout_basic, uniq_eustachio, uniq_pikel, uniq_sigmund, uniq_grinder
Temple:   regret_index_temple_chain_breaker

Skill      XL: |  1  2  3  4  5  6  7  8 |
---------------+-------------------------+-----
Stealth        | 6 7 8 9 |  9.5
Dodging        | 2 3 4 |  4.7
Fighting       | 2 |  2.9
Spellcasting   | 1 2 3 |  3.5
Short Blades   | 3 4 |  4.3
Throwing       | 3 |  3.3
Air Magic      | 1 2 |  2.5
Poison Magic   | 1 2 |  2.2
Shields        | |  0.3

Action                   |  1- 3 |  4- 6 |  7- 9 || total
-------------------------+-------+-------+-------++-------
Melee: Dagger            |   149 |   122 |    81 ||   352
       Punch             |     2 |     2 |       ||     4
Throw: Dart              |     9 |    29 |    11 ||    49
  Use: Scroll            |       |     9 |     1 ||    10
       Potion            |       |     1 |     3 ||     4
 Stab: Sleeping          |    12 |     5 |     3 ||    20
       Distracted        |       |     1 |       ||     1
Armor: Robe              |    13 |    42 |     7 ||    62
Dodge: Dodged            |    87 |    96 |    36 ||   219
Block: Other             |       |     9 |     9 ||    18
